 Dungeon Crawl Stone Soup version 0.27.0-1-g7a089689b8 (webtiles) character file.

Game seed: 14825271414374446940

2652 pkoi the Grappler (level 9, -3/75 HPs)
             Began as a Pale Draconian Monk on Aug 17, 2021.
             Was a Priest of Dithmenos.
             Slain by a hornet (6 damage)
             ... on level 7 of the Dungeon.
             The game lasted 00:09:20 (7964 turns).

pkoi the Grappler (Pale Draconian Monk)             Turns: 7964, Time: 00:09:20

Health: -3/75      AC:  8    Str: 15    XL:     9   Next: 36%
Magic:  0/9        EV: 13    Int: 12    God:    Dithmenos [***...]
Gold:   269        SH:  4    Dex: 14    Spells: 8/8 levels left

rFire    . . .     SeeInvis .     - Unarmed
rCold    . . .     Faith    .   p - +0 buckler
rNeg     . . .     Spirit   +   (armour unavailable)
rPois    .         Reflect  .   (helmet restricted)
rElec    .         Harm     .   i - +0 cloak
rCorr    .         Rampage  .   (no gloves)
Will     .....                  (no boots)
Stlth    ++++......             b - amulet of guardian spirit
HPRegen  0.22/turn              (no ring)
MPRegen  0.11/turn              (no ring)

@: brilliant, lethally poisoned (-3 -> -30), short of breath, slowed, wreathed
by umbra, studying Shields, very slow
A: breathe steam, AC +7, unfitting armour, cold-blooded, steam resistance
a: Breathe Steam, Renounce Religion, Shadow Step


You were on level 7 of the Dungeon.
You worshipped Dithmenos.
Dithmenos was most pleased with you.
You visited 2 branches of the dungeon, and saw 8 of its levels.
You also visited: Ossuary.

You collected 269 gold pieces.

Inventory:

Hand Weapons
 a - the +11 long sword of Battle {flame, rElec Will+ MP-9 Dex+3}
   (You found it on level 5 of the Dungeon)

   It burns those it strikes, dealing additional fire damage.
   Big, fiery blades are also staple armaments of hydra-hunters.
   Dex:       It affects your dexterity (+3).
   rElec:     It insulates you from electricity.
   MP:        It affects your magic capacity (-9).
   Will:      It increases your willpower.
 m - a +2 dagger of venom
Missiles
 l - 3 poisoned darts (quivered)
Armour
 i - a +0 cloak (worn)
 p - a +0 buckler (worn)
Jewellery
 b - an amulet of guardian spirit (around neck)
 v - a +6 ring of intelligence
Wands
 e - a wand of polymorph (7)
 h - a wand of flame (12)
Scrolls
 c - 3 scrolls of identify
 f - a scroll of vulnerability
 j - a scroll of teleportation
 k - 4 scrolls of fear
Potions
 d - 2 potions of cancellation
 g - 6 potions of heal wounds
 n - 2 potions of brilliance
 o - 4 potions of flight {unknown}
 q - 2 potions of curing {unknown}
 r - 2 potions of attraction {unknown}
 s - a potion of resistance {unknown}
 t - a potion of haste {unknown}
 u - a potion of mutation {unknown}


   Skills:
 - Level 6.0 Fighting
 + Level 5.2 Dodging
 - Level 4.8 Stealth
 + Level 1.7 Shields
 * Level 10.2 Unarmed Combat


You had 8 spell levels left.
You didn't know any spells.
Your spell library was empty.

Dungeon Overview and Level Annotations

Branches:
Dungeon (7/15)             Temple (1/1) D:5         Ossuary (visited)

Altars:
Cheibriados
Dithmenos
Elyvilon
Fedhas
Gozag
Hepliaklqana
Kikubaaqudgha
Nemelex Xobeh
Okawaru
Ru
Sif Muna
Trog
Uskayaw
Vehumet
Wu Jian
Xom
Yredelemnul
Zin
The Shining One

Shops:
D:2 !


Innate Abilities, Weirdness & Mutations

You can breathe blasts of scalding, opaque steam.
Your pale cyan-grey scales are hard. (AC +7)
You cannot fit into any form of body armour.
You are cold-blooded and may be slowed by cold attacks.
You are immune to the effects of steam.


Message History

The hornet is heavily wounded.
You feel very sick. The hornet closely misses you. The hornet stings you!
You feel as though you will be slow longer.
You hit the hornet.
The hornet is heavily wounded.
You feel very sick. The hornet misses you. The hornet stings you.
You feel as though you will be slow longer.
You hit the hornet.
The hornet is heavily wounded.
You feel sick. The hornet stings you!
You are more poisoned.
You feel as though you will be slow longer.
The hornet completely misses you.
You are too injured to fight recklessly!
You are too injured to fight recklessly!
You are too injured to fight recklessly!
Press: ? - help, Shift-Dir - straight line, f - hornet
Aim: a hornet (heavily wounded, umbra)
You exhale a blast of scalding steam.
The ball of steam hits the hornet.
The hornet is severely wounded.
You feel very sick.
The hornet is engulfed in a cloud of scalding steam.
The hornet completely misses you. The hornet stings you!
* * * LOW HITPOINT WARNING * * *
You are lethally poisoned!
You feel as though you will be slow longer.
Unknown command.
It was a potion of brilliance.
You feel clever all of a sudden.
* * * LOW HITPOINT WARNING * * *
You feel very sick.
The hornet is engulfed in a cloud of scalding steam.
The hornet stings you!
* * * LOW HITPOINT WARNING * * *
You are more poisoned.
You feel as though you will be slow longer.
The hornet stings you.
You die...

######## #......#
#......######### ####
#.........!.....
......#.......@y§.....
../...#.......).....$.
......#...............
...............?......
.....................
##...........$......
#..................
#......(...........
#...........##


You could see a hornet.

Vanquished Creatures
  Grinder (D:4)
  2 water moccasins
  An ice beast (D:5)
  A hornet zombie (D:5)
  An orc warrior (D:4)
  An ogre (D:6)
  2 necrophages (D:5)
  A kobold brigand (D:6)
  2 bullfrogs (D:7)
  3 elf skeletons (D:6)
  3 scorpions
  2 water moccasin zombies
  2 wights (D:5)
  A centaur zombie (D:5)
  2 hounds
  A human zombie (D:5)
  4 bullfrog zombies
  2 jellies (D:6)
  Crazy Yiuf (D:5)
  2 iguanas (D:4)
  3 bullfrog skeletons
  3 human skeletons (D:6)
  2 orc wizards
  A scorpion zombie (D:5)
  Natasha (twice) (D:3)
  A hound skeleton (D:5)
  3 mummies
  A howler monkey zombie (D:6)
  2 gnolls (D:4)
  7 adders
  A white imp (D:6)
  3 ufetubi
  An adder skeleton (D:3)
  5 adder zombies (Ossuary)
  A worm (D:4)
  A dart slug (D:2)
  18 orcs
  3 endoplasms
  3 giant cockroaches
  9 goblins
  7 hobgoblins
  8 jackals
  18 kobolds
  3 quokkas
  8 ball pythons
  5 bats
  2 frilled lizards
  A gnoll zombie (Ossuary)
  4 hobgoblin zombies (Ossuary)
  6 kobold zombies (Ossuary)
  7 orc zombies (Ossuary)
  7 rats
181 creatures vanquished.

Vanquished Creatures (others)
  2 fungi (D:5)
  14 plants
16 creatures vanquished.

Grand Total: 197 creatures vanquished

Notes
Turn   | Place    | Note
-------+----------+-------------------------------------------
     0 | D:1      | pkoi the Draconian Monk began the quest for the Orb.
     0 | D:1      | Reached XP level 1. HP: 19/19 MP: 1/1
   281 | D:1      | Reached XP level 2. HP: 26/26 MP: 2/2
   807 | D:1      | Reached skill level 4 in Unarmed Combat
  1000 | D:2      | Reached XP level 3. HP: 21/31 MP: 1/3
  1280 | D:2      | Found a faded altar of an unknown god.
  1645 | D:2      | Found Xoifuz's Distillery.
  1929 | D:3      | Reached XP level 4. HP: 26/38 MP: 4/4
  2063 | D:3      | Reached skill level 5 in Unarmed Combat
  2373 | D:3      | Found a hide-covered altar of Uskayaw.
  2462 | D:3      | Noticed Natasha
  2471 | D:3      | Killed Natasha
  2845 | D:3      | Reached XP level 5. HP: 32/45 MP: 5/5
  2949 | D:3      | Found a radiant altar of Vehumet.
  3161 | D:4      | Noticed a sky beast
  3372 | D:3      | Noticed Natasha
  3380 | D:3      | Killed Natasha
  3381 | D:3      | Reached skill level 6 in Unarmed Combat
  3504 | D:4      | Noticed Grinder
  3515 | D:4      | Killed Grinder
  3516 | D:4      | Reached skill level 7 in Unarmed Combat
  3516 | D:4      | Reached XP level 6. HP: 35/51 MP: 2/6
  4240 | D:4      | Reached skill level 8 in Unarmed Combat
  4240 | D:4      | Your scales start taking on a pale cyan-grey colour.
  4240 | D:4      | Reached XP level 7. HP: 48/57 MP: 5/7
  4240 | D:4      | Gained mutation: You are immune to the effects of steam.
                  | [Pale Draconian growth]
  4353 | D:4      | Found an iron altar of Okawaru.
  4528 | D:5      | Entered Level 5 of the Dungeon
  4572 | D:5      | Found a staircase to the Ecumenical Temple.
  4594 | Temple   | Entered the Ecumenical Temple
  4678 | Temple   | Became a worshipper of Dithmenos the Shadowed
  4678 | Temple   | Reached * piety under Dithmenos
  4678 | Temple   | Reached ** piety under Dithmenos
  4770 | D:5      | Found a shimmering blue altar of Sif Muna.
  4787 | D:5      | Found a basalt altar of Yredelemnul.
  4853 | D:5      | Identified the +11 long sword of Battle {flame, rElec Will+
                  | MP-9 Dex+3}
  4988 | D:5      | Reached skill level 9 in Unarmed Combat
  5168 | D:5      | Reached XP level 8. HP: 60/66 MP: 0/8
  5461 | D:5      | Found an ancient bone altar of Kikubaaqudgha.
  5570 | D:5      | Reached skill level 5 in Fighting
  5781 | D:5      | Found a runed translucent door.
  5782 | D:5      | Noticed Crazy Yiuf
  5792 | D:5      | Killed Crazy Yiuf
  5814 | D:5      | Identified the +8 mace of the Fray {drain, Will+ rCorr
                  | Int-3}
  6704 | D:6      | Found a sand-covered staircase.
  6715 | Ossuary  | Entered an ossuary
  6824 | Ossuary  | Reached *** piety under Dithmenos
  6840 | Ossuary  | Reached XP level 9. HP: 71/74 MP: 7/9
  7504 | D:7      | Identified a scroll of acquirement
  7504 | D:7      | Acquired a manual of Shields
  7551 | D:4      | Reached skill level 5 in Dodging
  7551 | D:4      | Reached skill level 10 in Unarmed Combat
  7837 | D:7      | Reached skill level 1 in Shields
  7964 | D:7      | HP: 3/75 [hornet (10)]
  7964 | D:7      | Slain by a hornet

Illustrated notes

Levels and vault maps discovered:
D:1:      dpeg_arrival_stone_temple_mockup, layout_basic
D:2:      layout_rooms, ebering_ecumenical_altar_mist, serial_shops,
          nicolae_shop_waterfront, wander_ebering_terrifying_dragon_lair
D:3:      layout_basic, nicolae_uskayaw_suspiria,
          nicolae_overflow_crystal_walls, minmay_shallow_snake_nest,
          uniq_natasha
D:4:      layout_basic, okawaru_altar_gauntlet_db, kennysheep_pointless_box,
          serial_bayou_lake_a, uniq_grinder
D:5:      layout_gridville, lemuel_mausoleum_altar_kikubaaqudgha,
          mainiacjoe_overflow_concentric_impassable, amcnicky_altar_gilded,
          minmay_temple_entry_grid, uniq_crazy_yiuf_cottage
D:6:      layout_gridville, nicolae_ossuary_entry_catacombs, st_stairs_11
D:7:      minmay_the_grid_four_pointed_star [minmay_the_grid_triangle_9x9_empty,
          minmay_the_grid_triangle_9x9_subtriangle,
          minmay_the_grid_triangle_9x9_wacky_v,
          minmay_the_grid_triangle_9x9_cache,
          minmay_the_grid_prize_four_corners_diamond_a], layout_basic,
          roderic_serpentine_path
Temple:   nicolae_temple_god_jail

Skill      XL: |  1  2  3  4  5  6  7  8  9 |
---------------+----------------------------+-----
Unarmed Combat | 4 5 7 8 9 10 | 10.2
Stealth        | 2 4 |  4.8
Dodging        | 3 4 5 |  5.2
Fighting       | 4 5 6 |  6.0
Shields        | 1 |  1.7

Action                   |  1- 3 |  4- 6 |  7- 9 || total
-------------------------+-------+-------+-------++-------
Melee: Unarmed           |   141 |   170 |   333 ||   644
       Tailslap          |    12 |    18 |    61 ||    91
       Punch             |     1 |     7 |    18 ||    26
       Long sword        |       |       |    56 ||    56
 Abil: Breathe Steam     |       |       |     3 ||     3
  Use: Potion            |       |     2 |     2 ||     4
       Scroll            |       |       |     6 ||     6
 Stab: Sleeping          |     4 |     4 |    15 ||    23
Armor: Skin              |    53 |    62 |    81 ||   196
Dodge: Dodged            |    97 |   115 |   259 ||   471
Block: Buckler           |       |       |     5 ||     5
       Rpst.: Long sword |       |       |    13 ||    13
